 Dungeon Sprint DCSS version 0.25-a0-589-g1e14c549ee (webtiles) character file.

Game seed: 883913476980807323, levelgen mode: deterministic

1210 jt the Blocker (level 8, -4/46 HPs)
             Began as a Gargoyle Fighter on Mar 12, 2020.
             Was a Believer of Makhleb.
             Killed from afar by Josephine (13 damage)
             ... with a ghostly fireball
             ... in the Dungeon (Sprint III: "The Ten Rune Challenge").
             The game lasted 00:02:54 (774 turns).

jt the Blocker (Gargoyle Fighter)                    Turns: 774, Time: 00:02:55

Health: -4/46      AC: 14    Str: 21    XL:     8   Next: 45%
Magic:  8/8        EV:  9    Int: 10    God:    Makhleb [**....]
Gold:   51         SH: 12    Dex:  9    Spells: 7/7 levels left

rFire    . . .     SeeInvis .   a - +0 flail
rCold    . . .     Gourm    .   c - +0 kite shield
rNeg     + . .     Faith    .   b - +0 scale mail
rPois    ∞         Spirit   .   (helmet restricted)
rElec    +         Reflect  .   (no cloak)
rCorr    .         Harm     .   s - +0 pair of gloves
MR       .....     NoTele   +   (no boots)
Stlth    ..........             (no amulet)
HPRegen  0.15/turn              (no ring)
MPRegen  0.11/turn              (no ring)

@: drained
A: beak, high mp 1, negative energy resistance 1, shaggy fur 1, electricity
resistance, unbreathing, evolution 1, petrification resistance, rot immunity, AC
+5
a: Minor Destruction, Renounce Religion


You were in the Dungeon.
You worshipped Makhleb.
Makhleb was pleased with you.
You were not hungry.

You visited 1 branch You collected 51 gold pieces.

Inventory:

Hand Weapons
 a - a +0 flail (weapon)
 r - a +2 long sword of holy wrath
Armour
 b - a +0 scale mail (worn)
 c - a +0 kite shield (worn)
 s - a +0 pair of gloves (worn)
Scrolls
 g - a scroll of immolation {unknown}
 j - 3 scrolls of identify
 k - a scroll of blinking
 m - a scroll of magic mapping {unknown}
 o - a scroll of torment {unknown}
 p - a scroll of random uselessness {unknown}
Potions
 e - a potion of curing
 h - a potion of haste
 i - 2 potions of magic
 n - 4 potions of flight
 q - 4 potions of mutation
Miscellaneous
 d - a tin of tremorstones
Comestibles
 f - 5 rations
 l - 2 chunks of flesh


   Skills:
 - Level 3.2(2.4) Fighting
 + Level 12.7(11.6) Maces & Flails
 - Level 3.2(2.4) Armour
 + Level 13.8(12.8) Shields


You had 7 spell levels left.
You didn't know any spells.
Your spell library contained the following spells:

 Spells                   Type           Power        Failure   Level  Hunger
 Magic Dart               Conj           #...         80%         1    ##.....
 Blink                    Tloc           N/A          91%         2    ###....
 Call Imp                 Summ           #.......     91%         2    ###....
 Slow                     Hex            #.......     91%         2    ###....
 Conjure Flame            Conj/Fire      #.......     99%         3    ####...
 Mephitic Cloud           Conj/Pois/Air  #.......     99%         3    ####...


Dungeon Overview and Level Annotations

Branches:
Dungeon (1/1)

Altars:
Cheibriados
Dithmenos
Elyvilon
Fedhas
Gozag
Hepliaklqana
Kikubaaqudgha
Makhleb
Nemelex Xobeh
Okawaru
Qazlal
Ru
Sif Muna
Trog
Uskayaw
Vehumet
Wu Jian
Xom
Yredelemnul
Zin
The Shining One
Beogh
Jiyva
Lugonu

Annotations:
D Josephine


Innate Abilities, Weirdness & Mutations

You are resistant to torment.
Your stone body is resilient. (AC +5)
You are immune to poison.
You resist negative energy. (rN+)
You are resistant to electric shocks. (rElec)
You can survive without breathing.
You are immune to petrification.
You are immune to rotting.
You have a beak for a mouth.
You have an increased reservoir of magic. (+10% MP)
You are covered in fur. (AC +1)
You evolve.


Message History

Your scale mail prevents you from hitting Josephine.
Josephine is heavily wounded.
Josephine barely misses you.
You barely miss Josephine. Your peck misses Josephine.
Josephine is heavily wounded.
Josephine hits you but does no damage.
You sock Josephine! Your peck misses Josephine.
Josephine is heavily wounded.
Josephine points at you and mumbles some strange words.
The ghostly flame explodes!
The ghostly fireball engulfs you!! You partially resist.
You feel drained.
* * * LOW HITPOINT WARNING * * *
The ghostly fireball engulfs Josephine.
Josephine completely resists.
You feel better.
You closely miss Josephine. You peck Josephine, but do no damage.
Josephine is heavily wounded.
Josephine points at you and mumbles some strange words.
The ghostly flame explodes!
The ghostly fireball engulfs you! You partially resist.
You feel drained.
You die...

##..#___#___#__#
.#..#...#__.#._#
.#..###'#)###)##
'#..#..........#
#...'.⌠........#
#...#...######'#
....#.⌠.#__#...#+#####
....#...#__#...#§@§§§+
....#)###__#...#@#§§≈#
....#)..#__#...'.#§..#
....#___#__'...#.#§§.#
▓▓▓▓▓▓▓▓▓▓▓▓▓▓▓▓▓▓▓▓▓▓


You could see Josephine.

Vanquished Creatures
  A deep elf mage (D)
  A shadow (D)
  A spatial vortex (D)
  A necrophage (D)
  A water elemental (D)
  A jelly (D)
  A wizard (D)
  Jessica (D)
  A necromancer (D)
  3 humans (D)
  A kobold demonologist (D)
  A wolf (D)
  3 rats (D)
17 creatures vanquished.

Vanquished Creatures (others)
  2 draconian scorchers (D)
  6 hellions (D)
  2 yaktaurs (D)
10 creatures vanquished.

Grand Total: 27 creatures vanquished

Notes
Turn   | Place    | Note
-------+----------+-------------------------------------------
     0 | D        | jt the Gargoyle Fighter began the quest for the Orb.
     0 | D        | Reached XP level 1. HP: 14/14 MP: 1/1
    30 | D        | Killed a yaktaur
    43 | D        | Noticed Jessica
    44 | D        | Killed a yaktaur
    46 | D        | Killed Jessica
    46 | D        | Reached skill level 5 in Shields
    46 | D        | Reached XP level 2. HP: 19/19 MP: 2/2
    46 | D        | Reached XP level 3. HP: 23/23 MP: 3/3
    81 | D        | Reached skill level 5 in Maces & Flails
    81 | D        | Reached skill level 6 in Shields
    87 | D        | Reached XP level 4. HP: 24/28 MP: 4/4
    93 | D        | Killed a hellion
    94 | D        | Killed a hellion
    94 | D        | Killed a hellion
   118 | D        | Killed a white draconian scorcher
   146 | D        | Killed a hellion
   147 | D        | Killed a hellion
   156 | D        | Killed a white draconian scorcher
   210 | D        | Gained mutation: You evolve. [potion of mutation]
   210 | D        | Gained mutation: You are covered in fur. (AC +1) [potion of
                  | mutation]
   210 | D        | Gained mutation: You have an increased reservoir of magic.
                  | (+10% MP) [potion of mutation]
   210 | D        | Gained mutation: You have a beak for a mouth. [potion of
                  | mutation]
   212 | D        | Noticed a water elemental
   217 | D        | Killed a water elemental
   217 | D        | Reached skill level 8 in Shields
   217 | D        | Reached XP level 5. HP: 32/32 MP: 5/5
   226 | D        | Killed a hellion
   227 | D        | Found a basalt altar of Yredelemnul.
   227 | D        | Found a shadowy altar of Dithmenos.
   227 | D        | Found a sacrificial altar of Ru.
   227 | D        | Noticed a necrophage
   233 | D        | Killed a necrophage
   233 | D        | Reached skill level 9 in Shields
   233 | D        | Reached XP level 6. HP: 37/37 MP: 6/6
   242 | D        | Noticed a shadow
   245 | D        | Killed a shadow
   245 | D        | Reached skill level 10 in Maces & Flails
   245 | D        | Reached skill level 11 in Shields
   255 | D        | Found a blossoming altar of Fedhas.
   255 | D        | Found a stormy altar of Qazlal.
   256 | D        | Found a snail-covered altar of Cheibriados.
   256 | D        | Found a burning altar of Makhleb.
   256 | D        | Found a hazy altar of Hepliaklqana.
   256 | D        | Found a shimmering altar of Xom.
   256 | D        | Found an opulent altar of Gozag.
   256 | D        | Found a sparkling altar of Nemelex Xobeh.
   256 | D        | Found a corrupted altar of Lugonu.
   256 | D        | Found a viscous altar of Jiyva.
   256 | D        | Noticed a spatial vortex
   260 | D        | Became a worshipper of Makhleb the Destroyer
   277 | D        | Killed a spatial vortex
   277 | D        | Reached XP level 7. HP: 35/41 MP: 7/7
   320 | D        | Found a radiant altar of Vehumet.
   326 | D        | Reached skill level 12 in Shields
   327 | D        | Found a shimmering blue altar of Sif Muna.
   327 | D        | Found an ancient bone altar of Kikubaaqudgha.
   329 | D        | Reached * piety under Makhleb
   464 | D        | Found a glowing silver altar of Zin.
   465 | D        | Found a glowing golden altar of the Shining One.
   465 | D        | Found a white marble altar of Elyvilon.
   465 | D        | Noticed a deep elf mage
   467 | D        | Noticed a jumping spider
   470 | D        | Killed a deep elf mage
   470 | D        | Reached skill level 13 in Shields
   470 | D        | Reached XP level 8. HP: 35/46 MP: 8/8
   600 | D        | Found a hide-covered altar of Uskayaw.
   600 | D        | Found an iron altar of Okawaru.
   602 | D        | Found a roughly hewn altar of Beogh.
   602 | D        | Found a bloodstained altar of Trog.
   602 | D        | Found an ornate altar of the Wu Jian Council.
   629 | D        | Reached ** piety under Makhleb
   758 | D        | Noticed Josephine
   774 | D        | Killed from afar by Josephine

Levels and vault maps discovered:
D:        dungeon_sprint_mu [sprint_mu_entry_cave, sprint_mu_temple_rooms,
          sprint_mu_d1_horrors, sprint_mu_d2_genie, sprint_mu_d3_branching,
          sprint_mu_orc_legion, sprint_mu_elf_gauntlet, sprint_mu_hive_nellie,
          sprint_mu_lair_fedhas, sprint_mu_vaults_butterflies,
          sprint_mu_slime_circle, sprint_mu_shoals_kraken,
          sprint_mu_snake_twists, sprint_mu_blade_basic,
          sprint_mu_crypt_fortress, sprint_mu_tomb_spiral,
          sprint_mu_vestibule_basic, sprint_mu_gehenna_hellfire,
          sprint_mu_dis_giant, sprint_mu_tartarus_statrot,
          sprint_mu_cocytus_islands, sprint_mu_zot1]

Skill      XL: |  1  2  3  4  5  6  7 |
---------------+----------------------+-----
Maces & Flails | 4 5 7 8 10 12 | 12.7
Shields        | 5 6 8 9 11 13 | 13.8
Fighting       | |  3.2
Armour         | |  3.2

Action                   |  1- 3 |  4- 6 |  7- 9 || total
-------------------------+-------+-------+-------++-------
Melee: Flail             |    38 |    22 |    40 ||   100
       Peck              |       |     8 |     8 ||    16
Evoke: Tin of tremorston |       |       |     3 ||     3
  Use: Potion            |     2 |     2 |     1 ||     5
Armor: Scale mail        |    14 |     4 |    15 ||    33
Dodge: Dodged            |     9 |     4 |    10 ||    23
Block: Kite shield       |    28 |     4 |    11 ||    43

Table legend:
 A = Non-vault XP
 B = Vault XP
 C = Vault XP percentage of total XP
 D = Non-vault monster count
 E = Vault monster count
 F = Vault count percentage of total count
                 A         B        C        D         E       F
            +---------+---------+-------+---------+---------+-------
      Total |       0 |    1729 | 100.0 |       0 |      17 | 100.0
            +---------+---------+-------+---------+---------+-------
          D |       0 |    1729 | 100.0 |       0 |      17 | 100.0
            +---------+---------+-------+---------+---------+-------
